 Dungeon Crawl Stone Soup version 0.15.1-3-g1b33baa (webtiles) character file.

45556 Johnny the Frost Mage (level 13, -9/108 HPs)
             Began as a Demigod Ice Elementalist on Oct 2, 2014.
             Mangled by a profane servitor
             ... wielding a +3 demon whip
              (12 damage)
             ... on Level 1 of the Abyss on Oct 3, 2014.
             The game lasted 02:15:19 (30484 turns).

Johnny the Frost Mage (Demigod Ice Elementalist)   Turns: 30484, Time: 02:15:20

HP  -9/108       AC 24     Str 16      XL: 13   Next: 63%
MP  15/41        EV 21     Int 23      God:
Gold 1213        SH  0     Dex 25      Spells:  6 memorised,  4 levels left

rFire  + . .     SeeInvis .     k - +9 great mace of Dissent {freeze, rF+ Stlth+}
rCold  . . .     Clarity  .     z - +1 robe "Wagelel" {Dex+5 Int+2}
rNeg   + . .     rCorr    .     (no shield)
rPois  .         rRot     .     i - +5 helmet of Duty {rN+}
rElec  .         Spirit   .     r - +0 cloak
SustAb .         Warding  .     s - +1 pair of gloves
rMut   +         Rnd*Tele +     M - +2 pair of boots {Fly}
Gourm  .                        e - amulet of resist mutation
MR     +....                    T - ring of magical power
                                I - ring of wizardry

@: mighty, exhausted, icy armour (expiring), flying, very slightly contaminated,
slowed, wreathed by umbra, drained, very slow, somewhat resistant to hostile
enchantments, quite stealthy
A: dopey 2, frail 1, robust 1, teleportitis 1, no device heal 1
a: Stop Flying


You were on level 1 of the Abyss.
You were very full.

You visited 3 branches of the dungeon, and saw 23 of its levels.
You visited the Abyss 1 time.
You also visited: Sewer, Ossuary and Ice Cave.

You collected 2925 gold pieces.
You spent 1712 gold pieces at shops.

Inventory:

Hand weapons
 k - the +9 great mace of Dissent (weapon) {freeze, rF+ Stlth+}
   (You found it on level 8 of the Lair of Beasts)

   It has been specially enchanted to freeze those struck by it, causing extra
   injury to most foes and up to double damage against particularly susceptible
   opponents.
   It can also slow down cold-blooded creatures.
   It protects you from fire.
   It makes you more stealthy.
Armour
 i - the +5 helmet of Duty (worn) {rN+}
   (You bought it in a shop on level 4 of the Orcish Mines)

   It protects you from negative energy.
 r - a +0 cloak (worn)
 s - a +1 pair of gloves (worn)
 z - the +1 robe "Wagelel" (worn) {Dex+5 Int+2}
   (You found it on level 1 of the Lair of Beasts)

   It affects your intelligence (+2).
   It affects your dexterity (+5).
 M - a +2 pair of boots of flying (worn)
Magical devices
 a - a wand of confusion (8)
 E - a wand of disintegration (0)
 G - a wand of invisibility (3)
 O - a wand of polymorph (11)
 S - a wand of heal wounds (4)
 X - a wand of paralysis (7)
Comestibles
 b - a beef jerky
 c - 15 bread rations
 F - 4 meat rations
 N - 6 slices of pizza
 U - 15 fruits
Scrolls
 d - 5 scrolls of fog
 g - 2 scrolls of silence
 m - a scroll of identify
 n - 3 scrolls of teleportation
 p - 10 scrolls of remove curse
 t - a scroll of fear
 y - 4 scrolls of amnesia
 A - a scroll of vulnerability
 D - 3 scrolls of recharging
 J - a scroll of enchant armour
 Z - 3 scrolls of enchant weapon
Jewellery
 e - an amulet of resist mutation (around neck)
 h - an uncursed ring of see invisible
 l - an uncursed ring of poison resistance
 B - the cursed ring of Lady Luck {MR++ AC-4 SInv}
   (You bought it in a shop on level 4 of the Orcish Mines)

   [ring of protection]

   It affects your AC (-4).
   It affects your resistance to hostile enchantments.
   It enhances your eyesight.
   It has a curse placed upon it.
 I - a ring of wizardry (left hand)
 T - a ring of magical power (right hand)
Potions
 j - 3 potions of restore abilities
 o - 3 potions of flight
 q - 6 potions of curing
 u - a potion of resistance
 w - 6 potions of brilliance
 x - 3 potions of might
 C - a potion of invisibility
 P - 4 potions of cure mutation
Books
 f - a book of the Earth

   Spells                             Type                      Level
   Leda's Liquefaction                Hexes/Earth                  4
   Bolt of Magma                      Conjuration/Fire/Earth       5
   Statue Form                        Transmutation/Earth          6
   Iron Shot                          Conjuration/Earth            6
   Shatter                            Earth                        9
Miscellaneous
 L - a crystal ball of energy
 V - a box of beasts {used: 3}


   Skills:
 * Level 8.6(8.4) Fighting
 + Level 6.0(5.8) Armour
 * Level 9.0(8.8) Dodging
 + Level 6.8(6.6) Stealth
 * Level 9.0(8.9) Spellcasting
 * Level 4.7(4.5) Conjurations
 * Level 4.1(4.0) Hexes
 * Level 4.5(4.3) Charms
 * Level 6.6(6.4) Summonings
 * Level 9.3(9.1) Ice Magic
 + Level 5.1(4.9) Evocations


You had 4 spell levels left.
You knew the following spells:

 Your Spells              Type           Power        Failure   Level  Hunger
a - Freeze                Ice            ####         1%          1    None
b - Summon Ice Beast      Ice/Summ       #####...     1%          4    ##.....
c - Ozocubu's Armour      Chrm/Ice       #####...     1%          3    None
d - Throw Icicle          Conj/Ice       #####...     1%          4    ##.....
e - Haste                 Chrm           ####....     78%         6    ######.
f - Discord               Hex            ####......   100%        8    #######


Dungeon Overview and Level Annotations

Branches:
Dungeon (11/15)            Temple (0/1) D:7             Orc (4/4) D:9
    Elf (0/3) Orc:4          Lair (8/8) D:11         Shoals (0/5) Lair:5
 Spider (0/5) Lair:3        Slime (0/6) Lair:6

Shops:
Orc:4 =*([(


Innate Abilities, Weirdness & Mutations

You are robust (+10% HP).
Space occasionally distorts in your vicinity.
[You are very dopey. (Int -4)]
[You are frail (-10% HP).]
[Potions and wands are less effective at restoring your health.]


Message History

The profane servitor hits you but does no damage.
The profane servitor hits you with a glowing demon whip!
* * * LOW HITPOINT WARNING * * *
The profane servitor hits you with a glowing demon whip!
* * * LOW HITPOINT WARNING * * *
The profane servitor barely misses you.
The profane servitor closely misses you.
The profane servitor completely misses you.
Unknown command.
You feel a strong urge to attack something.
The profane servitor hits you but does no damage. x2
You feel your anger subside.
You are no longer berserk.
You are exhausted.
You feel as though you will be slow longer.
Read which item? (? for menu, Esc to quit)
Okay, then.
Your icy armour starts to melt.
The profane servitor hits you with a glowing demon whip!
You die...

. ##### .#
#...## ###.#
#....##... .##
#....A#.#....#
#.#.##@......#
#..#...##..##.#
###..#.### #
######...#.#.
##..#.#...#. ..
#. #..#..###.##
##.. #)#. # #
#.#. . ..
##..###....##


You could see a profane servitor.

Vanquished Creatures
  An orc warlord (Orc:4)
  Gastronok (Lair:2)
  The ghost of gigot the Grappler, a powerful TrMo of Okawaru (D:11)
  A hydra (Lair:1)
  2 death yaks (Lair:8)
  4 orc high priests
  A deep troll (Orc:2)
  A large abomination (Abyss:1)
  2 ice statues (IceCv)
  Pikel (D:6)
  4 orc knights
  5 orc sorcerers
  A sixfirhy (Abyss:1)
  An elephant (Lair:8)
  6 spiny frogs
  A black mamba (Lair:3)
  2 komodo dragons
  A demonic crawler (Lair:3)
  A troll (Orc:2)
  A two-headed ogre (Orc:4)
  5 blink frogs
  2 basilisks
  A shadow (D:11)
  5 hippogriffs
  3 wargs
  4 wolves
  A hungry ghost (D:6)
  5 yaks
  2 small abominations (Abyss:1)
  8 water moccasins
  A deep troll skeleton (Orc:2)
  16 ice beasts
  2 porcupines
  2 phantoms
  14 orc warriors
  A black bear (D:5)
  A crocodile (Lair:8)
  6 ogres
  Sigmund (D:6)
  9 giant frogs
  3 big kobolds
  An eye of draining (D:10)
  A warg zombie (Orc:4)
  2 scorpions
  A killer bee (D:8)
  An electric eel (Orc:4)
  2 quasits
  6 crimson imps
  14 orc priests
  Crazy Yiuf (D:5)
  12 hounds
  3 jellies
  A kobold zombie (D:10)
  An orange rat (Lair:3)
  14 orc wizards
  5 iguanas
  2 sheep (D:7)
  8 worker ants
  A big kobold zombie (Ossuary)
  A sky beast zombie (D:4)
  A hound zombie (D:5)
  8 mummies (Ossuary)
  18 green rats
  19 adders
  4 giant mites
  An inept item mimic (D:10)
  5 shadow imps
  An ufetubus (D:11)
  3 worms
  An iguana zombie (D:6)
  4 giant geckos
  4 oozes
  82 orcs
  10 giant cockroaches
  A gnoll zombie (Ossuary)
  14 goblins
  18 hobgoblins
  8 jackals
  5 ball pythons
  16 bats
  8 giant newts
  A giant newt skeleton (D:5)
  A giant newt zombie (D:5)
  A goblin skeleton (D:5)
  A goblin zombie (D:5)
  4 hobgoblin zombies
  32 kobolds
  10 orc zombies
  5 quokkas
  A quokka zombie (D:5)
  37 rats
  A rat skeleton (D:6)
  8 ballistomycetes (D:10)
540 creatures vanquished.

Vanquished Creatures (collateral kills)
  A tentacled starspawn (Abyss:1)
  2 hydras
  4 death yaks (Lair:8)
  A deep troll shaman (Lair:8)
  A catoblepas (Lair:8)
  2 deep trolls (Orc:2)
  A lindwurm (Lair:8)
  An ice statue (IceCv)
  A hill giant (D:10)
  3 oklob plants (Lair:6)
  An ugly thing (D:11)
  5 elephants
  4 black mambas
  A torpor snail (Lair:3)
  A kobold demonologist (D:11)
  6 spiny frogs
  A fire drake (Lair:8)
  2 komodo dragons
  2 polar bears (Lair:8)
  2 two-headed ogres
  3 trolls
  A wraith (D:10)
  2 basilisks
  A spriggan (Lair:4)
  A deep elf mage (D:10)
  12 blink frogs
  A human (D:7)
  A steam dragon (D:10)
  21 yaks
  3 hippogriffs
  A warg (Orc:4)
  14 wolves
  A hill giant skeleton (D:10)
  9 water moccasins
  4 sky beasts
  A black bear (D:9)
  3 porcupines
  14 orc warriors
  A yellow wasp (Lair:4)
  8 ice beasts
  A boring beetle (Lair:6)
  2 phantoms
  6 crocodiles
  6 ogres
  3 centaurs
  3 big kobolds
  Duvessa (D:5)
  7 giant frogs
  A gnoll sergeant (D:11)
  7 scorpions
  A cyclops skeleton (D:10)
  2 killer bees (D:8)
  A hippogriff skeleton (D:5)
  Dowan (D:5)
  4 goliath beetles
  A quasit (D:9)
  2 crimson imps
  A lava snake (Lair:3)
  19 orc wizards
  5 hounds
  4 iguanas
  2 jellies
  12 orc priests
  2 worker ants
  An orange rat (Lair:3)
  11 sheep
  7 adders
  54 green rats
  6 gnolls (D:11)
  A giant mite (D:5)
  An ufetubus (D:11)
  A giant gecko (D:5)
  An ooze (D:5)
  80 orcs
  4 bats
  A giant cockroach (D:5)
  2 goblins
  2 hobgoblins (D:9)
  2 jackals (D:5)
  6 kobolds
  2 orc zombies (Orc:4)
  3 quokkas
  4 rats
  10 ballistomycetes (D:10)
  A butterfly (Lair:6)
  A fungus (Lair:8)
  A plant (Lair:7)
  2 starspawn tentacles (Abyss:1)
442 creatures vanquished.

Vanquished Creatures (others)
  An ancient zyme (Abyss:1)
  A fire vortex (Lair:1)
  2 starcursed masses (Abyss:1)
  A small abomination (Abyss:1)
  156 ice beasts
  An orc priest (D:6)
  A jelly (Abyss:1)
  An orc wizard (D:6)
  5 orcs
  3 chimeras
  A giant spore (D:10)
  An orc zombie (Orc:4)
  A fungus (D:5)
  A plant (Lair:8)
  17 starspawn tentacles (Abyss:1)
  629 starspawn tentacle segments (Abyss:1)
822 creatures vanquished.

Grand Total: 1804 creatures vanquished

Notes
Turn   | Place    | Note
--------------------------------------------------------------
     0 | D:1      | Johnny, the Demigod Ice Elementalist, began the quest for the Orb.
     0 | D:1      | Reached XP level 1. HP: 14/14 MP: 3/3
   282 | D:1      | Reached XP level 2. HP: 14/20 MP: 3/5
   646 | D:1      | Found a blossoming altar of Fedhas.
   782 | D:1      | Reached skill level 3 in Ice Magic
   839 | D:2      | Reached XP level 3. HP: 8/27 MP: 0/8
  1060 | D:2      | Found a glowing silver altar of Zin.
  1130 | D:2      | Reached skill level 1 in Fighting
  1202 | D:2      | Found a stormy altar of Qazlal.
  1502 | D:2      | Reached XP level 4. HP: 35/35 MP: 11/11
  1517 | D:2      | Learned a level 4 spell: Summon Ice Beast
  1745 | D:3      | Found a burning altar of Makhleb.
  1746 | D:3      | Found a shimmering altar of Xom.
  1985 | D:3      | Reached skill level 1 in Armour
  1985 | D:3      | Reached XP level 5. HP: 41/41 MP: 4/12
  2350 | D:4      | Found a glowing drain.
  2361 | Sewer    | Entered a sewer
  2717 | Sewer    | Reached XP level 6. HP: 37/48 MP: 16/16
  3247 | D:5      | Entered Level 5 of the Dungeon
  3433 | D:5      | Noticed Dowan
  3487 | D:4      | Reached skill level 4 in Ice Magic
  3547 | D:4      | Reached XP level 7. HP: 49/56 MP: 19/19
  3728 | D:5      | Found a sand-covered staircase.
  3735 | Ossuary  | Entered an ossuary
  4054 | D:5      | Learned a level 4 spell: Throw Icicle
  4058 | D:5      | Learned a level 3 spell: Ozocubu's Armour
  4337 | D:5      | Noticed Duvessa
  4350 | D:5      | Killed Duvessa
  4368 | D:5      | Killed Dowan
  4882 | D:5      | Reached XP level 8. HP: 47/63 MP: 6/21
  4896 | D:5      | Noticed Crazy Yiuf
  4913 | D:5      | Killed Crazy Yiuf
  4913 | D:5      | Reached skill level 5 in Ice Magic
  5939 | D:6      | Reached skill level 5 in Dodging
  6200 | D:6      | Noticed Pikel
  6213 | D:6      | Killed Pikel
  6213 | D:6      | Reached skill level 1 in Evocations
  6267 | D:6      | Reached skill level 1 in Summonings
  6371 | D:6      | Noticed Sigmund
  6382 | D:6      | Killed Sigmund
  6382 | D:6      | Reached skill level 5 in Spellcasting
  6703 | D:6      | Reached XP level 9. HP: 47/72 MP: 17/24
  7129 | D:7      | Found a staircase to the Ecumenical Temple.
  7399 | D:7      | Found a shattered altar of Ashenzari.
  8168 | D:8      | Reached skill level 5 in Fighting
  8817 | D:9      | Reached skill level 6 in Ice Magic
  8988 | D:9      | Found a staircase to the Orcish Mines.
  9603 | D:9      | Reached XP level 10. HP: 66/81 MP: 23/27
  9711 | D:9      | Gained mutation: You are robust (+10% HP). [potion of beneficial mutation]
  9940 | D:9      | Found a shattered altar of Ashenzari.
 10089 | D:10     | Entered Level 10 of the Dungeon
 10289 | D:10     | Noticed a hill giant
 10300 | D:10     | Killed a hill giant
 10368 | D:10     | Found a shadowy altar of Dithmenos.
 11020 | D:10     | Reached skill level 5 in Stealth
 12481 | D:11     | Found a staircase to the Lair.
 12706 | D:11     | Noticed gigot's ghost (powerful TrMo)
 12740 | D:11     | Killed gigot's ghost
 12740 | D:11     | Reached skill level 7 in Dodging
 12742 | D:11     | Found a shadowy altar of Dithmenos.
 13352 | D:11     | Noticed a purple ugly thing
 13368 | D:11     | Reached skill level 1 in Conjurations
 13378 | D:11     | Killed a purple ugly thing
 13484 | Lair:1   | Entered Level 1 of the Lair of Beasts
 13520 | Lair:1   | Noticed an eight-headed hydra
 13661 | Lair:1   | Reached XP level 11. HP: 50/99 MP: 5/28
 13672 | Lair:1   | Killed an eight-headed hydra
 13982 | Lair:1   | Got a fabulously ornate robe
 13993 | Lair:1   | Identified the cursed +1 robe "Wagelel" {Dex+5 Int+2} (You found it on level 1 of the Lair of Beasts)
 14092 | Lair:1   | Reached skill level 1 in Charms
 14508 | Lair:2   | Noticed Gastronok
 14535 | Lair:2   | Killed Gastronok
 15770 | Lair:3   | Found a hole to the Spider Nest.
 16094 | Lair:3   | Noticed a seven-headed hydra
 16108 | Lair:3   | Killed a seven-headed hydra
 16325 | Lair:3   | Reached skill level 5 in Summonings
 16972 | Lair:4   | Noticed a spriggan rider
 16980 | Lair:4   | Killed a spriggan
 16981 | Lair:4   | Killed a yellow wasp
 17463 | Lair:5   | Reached skill level 8 in Ice Magic
 17539 | Lair:5   | Reached skill level 5 in Armour
 17881 | Lair:5   | Found a staircase to the Shoals.
 17993 | Lair:5   | Reached XP level 12. HP: 98/110 MP: 15/30
 18651 | Lair:6   | Learned a level 6 spell: Haste
 18660 | Lair:6   | Learned a level 8 spell: Discord
 19044 | Lair:6   | Noticed a seven-headed hydra
 19060 | Lair:6   | Killed a seven-headed hydra
 19607 | Lair:6   | Found a staircase to the Slime Pits.
 19634 | Lair:6   | Reached skill level 1 in Hexes
 19912 | Lair:6   | Got a transparent shortbow
 19913 | Lair:6   | Identified the +5 shortbow "Ovinewez" {venom, rF+ Int+3 Stlth+} (You found it on level 6 of the Lair of Beasts)
 19960 | Lair:7   | Found a frozen archway.
 20022 | IceCv    | Entered an ice cave
 21707 | Lair:8   | Entered Level 8 of the Lair of Beasts
 24194 | Lair:8   | Identified the Incunabulum of Air (You found it on level 8 of the Lair of Beasts)
 24197 | Lair:8   | Got a twisted great mace
 24198 | Lair:8   | Identified the +9 great mace of Dissent {freeze, rF+ Stlth+} (You found it on level 8 of the Lair of Beasts)
 24545 | Orc:1    | Entered Level 1 of the Orcish Mines
 24906 | Orc:2    | Found a roughly hewn altar of Beogh.
 24953 | Orc:2    | Reached XP level 13. HP: 32/117 MP: 5/32
 25746 | Orc:3    | Found a bloodstained altar of Trog.
 26111 | Orc:3    | Reached skill level 9 in Ice Magic
 26590 | Orc:4    | Entered Level 4 of the Orcish Mines
 26637 | Orc:4    | Found an ancient bone altar of Kikubaaqudgha.
 26649 | Orc:4    | Found a staircase to the Elven Halls.
 27346 | Orc:4    | Noticed an orc warlord
 27500 | Orc:4    | Found Vuminif's Antique Weapon Shop.
 27790 | Orc:4    | Gained mutation: Space occasionally distorts in your vicinity. [mutagenic glow]
 27836 | Orc:4    | Found a roughly hewn altar of Beogh.
 27836 | Orc:4    | Found Otziuv's Antique Weapon Emporium.
 29258 | Orc:4    | Killed an orc warlord
 29258 | Orc:4    | Reached skill level 5 in Evocations
 29618 | Orc:4    | Found Troumeggo's Jewellery Emporium.
 29625 | Orc:4    | Found Gequamul's General Store.
 29632 | Orc:4    | Found Khuimoapt's Antique Armour Emporium.
 29689 | Orc:4    | Bought a beef jerky for 19 gold pieces
 29689 | Orc:4    | Bought a scroll of remove curse for 39 gold pieces
 29689 | Orc:4    | Bought a scroll of fear for 45 gold pieces
 29689 | Orc:4    | Bought a +0 pair of boots of flying for 149 gold pieces
 29689 | Orc:4    | Bought a wand of heal wounds (4) for 624 gold pieces
 29689 | Orc:4    | Bought a scroll of identify for 26 gold pieces
 29689 | Orc:4    | Bought a scroll of remove curse for 39 gold pieces
 29689 | Orc:4    | Bought the +5 helmet of Duty {rN+} for 529 gold pieces
 29689 | Orc:4    | Bought a bread ration for 65 gold pieces
 29728 | Orc:4    | Bought the cursed ring of Lady Luck {MR++ AC-4 SInv} for 177 gold pieces
 30010 | Orc:4    | Cast into the Abyss (a distortion unwield)
 30102 | Abyss:1  | Noticed a tentacled starspawn
 30108 | Abyss:1  | Noticed a profane servitor
 30118 | Abyss:1  | Noticed a revenant
 30125 | Abyss:1  | Noticed a tentacled starspawn
 30126 | Abyss:1  | Noticed a tentacled starspawn
 30203 | Abyss:1  | Killed a tentacled starspawn
 30234 | Abyss:1  | Noticed a tentacled starspawn
 30235 | Abyss:1  | Found a corrupted altar of Lugonu.
 30236 | Abyss:1  | Noticed a tentacled starspawn
 30257 | Abyss:1  | Noticed a yellow draconian caller
 30260 | Abyss:1  | Noticed a starcursed mass
 30464 | Abyss:1  | Noticed a profane servitor
 30480 | Abyss:1  | HP: 1/162 [profane servitor/glowing demon whip (11)]
 30484 | Abyss:1  | Mangled by a profane servitor

Action                   |  1- 3 |  4- 6 |  7- 9 | 10-12 | 13-15 || total
-------------------------+-------+-------+-------+-------+-------++-------
Melee: Unarmed           |    17 |       |       |       |       ||    17
       Whip              |    73 |       |       |       |       ||    73
       Cutlass           |    29 |     9 |       |       |       ||    38
       Dagger            |       |   167 |   168 |       |       ||   335
       Quarterstaff      |       |       |   129 |       |       ||   129
       Long sword        |       |       |   195 |   607 |       ||   802
       Short sword       |       |       |       |    13 |       ||    13
       Great mace        |       |       |       |    35 |   141 ||   176
 Fire: Shortbow          |       |       |       |     9 |       ||     9
 Cast: Freeze            |    43 |   110 |    89 |    86 |    17 ||   345
       Summon Ice Beast  |       |       |    62 |   362 |    97 ||   521
       Ozocubu's Armour  |       |       |       |    56 |    33 ||    89
       Throw Icicle      |       |       |       |    47 |   160 ||   207
Evoke: Wand              |       |       |     3 |    32 |    19 ||    54
       Box of beasts     |       |       |       |     7 |       ||     7
  Use: Potion            |     1 |       |    15 |     4 |    16 ||    36
       Scroll            |       |       |    12 |    22 |    12 ||    46
 Stab: Sleeping          |     2 |     1 |     7 |    15 |     4 ||    29
       Petrifying        |       |       |     3 |       |       ||     3
       Paralysed         |       |       |     2 |     7 |       ||     9
       Petrified         |       |       |     4 |       |       ||     4
       Distracted        |       |       |     1 |    13 |       ||    14
       Invisible         |       |       |       |       |     1 ||     1
  Eat: Chunk             |     1 |     8 |    21 |    40 |    11 ||    81
       Pizza             |       |       |     1 |     5 |       ||     6
       Meat ration       |       |       |     1 |     1 |     2 ||     4
       Bread ration      |       |       |     1 |       |       ||     1
       Beef jerky        |       |       |     1 |     3 |       ||     4
       Fruit             |       |       |       |    10 |     8 ||    18
       Royal jelly       |       |       |       |     1 |       ||     1
